 Dungeon Crawl Stone Soup version 0.29.1-1-gd02db6906a (webtiles) character file.

Game seed: 4957694831570908159

301 safid the Skirmisher (level 6, -5/51 HPs)
             Began as a Minotaur Hunter on Oct 7, 2022.
             Slain by a gnoll
             ... wielding a +0 whip
              (8 damage)
             ... on level 4 of the Dungeon.
             The game lasted 00:05:24 (2942 turns).

safid the Skirmisher (Minotaur Hunter)              Turns: 2942, Time: 00:05:24

Health: -5/51      AC:  4    Str: 22    XL:     6   Next: 14%
Magic:  0/5        EV: 12    Int:  6    God:
Gold:   171        SH:  0    Dex: 15    Spells: 5/5 levels left

rFire   . . .      SeeInvis .   a - +0 shortbow
rCold   . . .      Faith    .   (shield currently unavailable)
rNeg    . . .      Spirit   +   c - +0 leather armour
rPois   +          Reflect  .   (helmet restricted)
rElec   .          Harm     .   (no cloak)
rCorr   .          Rampage  .   (no gloves)
Will    .....                   l - +0 pair of boots
Stlth   +.........              e - amulet of guardian spirit
HPRegen 0.17/turn               j - +6 ring of strength
MPRegen 0.09/turn               s - ring of poison resistance

@: no status effects
A: horns 2, retaliatory headbutt
a: no special abilities


You were on level 4 of the Dungeon.
You visited 1 branch of the dungeon, and saw 4 of its levels.

You collected 171 gold pieces.

Inventory:

Hand Weapons
 a - a +0 shortbow (weapon)
Missiles
 t - 2 silver javelins
 v - 5 javelins
Armour
 c - a +0 leather armour (worn)
 l - a +0 pair of boots (worn)
Jewellery
 e - an amulet of guardian spirit (around neck)
 j - a +6 ring of strength (left hand)
 s - a ring of poison resistance (right hand)
Scrolls
 b - 2 scrolls of immolation
 f - a scroll of poison {unknown}
 g - a scroll of fear {unknown}
 h - 7 scrolls of identify {unknown}
 i - 5 scrolls of teleportation {unknown}
 k - a scroll of blinking {unknown}
 q - a scroll of amnesia {unknown}
 r - a scroll of enchant weapon {unknown}
 u - a scroll of noise {unknown}
 w - a scroll of magic mapping {unknown}
 x - a scroll of fog {unknown}
 y - 2 scrolls of vulnerability {unknown}
Potions
 d - a potion of mutation {unknown}
 m - 2 potions of curing {unknown}
 n - 4 potions of brilliance {unknown}
 o - a potion of attraction {unknown}
 p - a potion of lignification {unknown}
 z - 2 potions of heal wounds {unknown}


   Skills:
 - Level 3.0 Fighting
 + Level 8.0 Ranged Weapons
 - Level 2.1 Dodging
 - Level 0.7 Stealth


You had 5 spell levels left.
You didn't know any spells.
Your spell library contained the following spells:

 Spells                   Type           Power      Damage    Failure   Level
 Apportation              Tloc           0%         N/A       50%         1
 Magic Dart               Conj           0%         1d3       50%         1
 Necrotise                Necr           0%         1d4       50%         1
 Call Imp                 Summ           0%         N/A       65%         2
 Static Discharge         Conj/Air       0%         3-3/arc   65%         2
 Mephitic Cloud           Conj/Pois/Air  0%         N/A       86%         3
 Stone Arrow              Conj/Erth      0%         3d7       86%         3
 Tukima's Dance           Hex            0%         N/A       86%         3
 Vampiric Draining        Necr           0%         2d6       86%         3
 Animate Armour           Summ/Erth      0%         N/A       99%         4
 Dispel Undead            Necr           0%         3d6       99%         4
 Passage of Golubria      Tloc           0%         N/A       99%         4
 Sticky Flame             Conj/Fire      0%         2d3       99%         4
 Agony                    Necr           0%         N/A       100%        5
 Alistair's Intoxication  Tmut/Pois      0%         N/A       100%        5
 Yara's Violent Unravell  Hex/Tmut       0%         3d3       100%        5
 Lehudib's Crystal Spear  Conj/Erth      0%         10d2      100%        8


Dungeon Overview and Level Annotations

Branches:
Dungeon (4/15)
 Temple: D:4-7

Altars:

Shops:
D:1 *

Annotations:
D:4 Grinder


Innate Abilities, Weirdness & Mutations

You have a pair of horns on your head.
You reflexively headbutt those who attack you in melee.


Message History

Press: ? - help, Q - select action, (/) - cycle Shift-Dir - straight line, f/p - gnoll
Aim: a gnoll, wielding a +0 whip (severely wounded, 68% to hit)
You shoot an arrow. The arrow barely misses the gnoll.
The gnoll closely misses you.
The gnoll hits you from afar with a +0 spear.
Fire: a) +0 shortbow
Press: ? - help, Q - select action, (/) - cycle Shift-Dir - straight line, f/p - gnoll
Aim: a gnoll, wielding a +0 whip (severely wounded, 68% to hit)
You shoot an arrow. The arrow barely misses the gnoll.
The gnoll hits you from afar with a +0 spear.
The gnoll hits you with a +0 whip.
* * * LOW HITPOINT WARNING * * *
Fire: a) +0 shortbow
Press: ? - help, Q - select action, (/) - cycle Shift-Dir - straight line, f/p - gnoll
Aim: a gnoll, wielding a +0 whip (severely wounded, 68% to hit)
You shoot an arrow. The arrow closely misses the gnoll.
The gnoll hits you but does no damage. The gnoll hits you with a +0 whip.
* * * LOW HITPOINT WARNING * * *
Grinder blinks!
The gnoll barely misses you. The gnoll attacks as you move away!
The gnoll hits you with a +0 whip!
* * * LOW HITPOINT WARNING * * *
The gnoll attacks as you move away! The gnoll closely misses you.
You hear a zap.
You hear a grinding noise.
The gnoll attacks as you move away! The gnoll hits you with a +0 whip.
* * * LOW HITPOINT WARNING * * *
The gnoll attacks as you move away! The gnoll barely misses you.
The gnoll attacks as you move away! The gnoll barely misses you.
You furiously retaliate!
You headbutt the gnoll.
You hear a zap.
You hear a grinding noise.
The gnoll attacks as you move away! The gnoll hits you with a +0 whip.
* * * LOW HITPOINT WARNING * * *
The gnoll attacks as you move away! The gnoll barely misses you.
The gnoll attacks as you move away! The gnoll hits you but does no damage.
You hear a zap.
You hear a grinding noise.
The gnoll attacks as you move away! The gnoll hits you with a +0 whip.
* * * LOW HITPOINT WARNING * * *
You hear a zap.
You hear a grinding noise.
The gnoll attacks as you move away! The gnoll hits you with a +0 whip!
You die...

...........)########.............
......####............#..........
......# ##.##...................
....#.# ##..)...##...##.(........
......# #........#...##..........
..........#.#....................
..[...#####...........#....>.....
###..## #......................
#..# #.....@......#......... ####
#.##..g.####.##.......#
#.....#..# #.##......##
.......##g# #.##.######
#...#####.# #.##.# ...#
#.###.#..# # ##. #..##...## #
#########......# ####
#..............#####...


You could see 2 gnolls.

Vanquished Creatures
  A centaur (D:3)
  An orc priest (D:4)
  An orc wizard (D:4)
  3 gnolls
  4 adders
  2 ufetubi (D:4)
  3 worms
  A dart slug (D:1)
  12 orcs
  5 bats
  3 endoplasms
  5 giant cockroaches
  2 goblins (D:2)
  3 hobgoblins
  7 jackals (D:1)
  5 kobolds
  3 quokkas
  2 ball pythons
  4 frilled lizards
  9 rats
76 creatures vanquished.

Notes
Turn   | Place    | Note
-------+----------+-------------------------------------------
     0 | D:1      | safid the Minotaur Hunter began the quest for the Orb.
     0 | D:1      | Reached XP level 1. HP: 18/18 MP: 0/0
    22 | D:1      | Found Zoguro Adwi's Assorted Antiques.
    99 | D:1      | Reached XP level 2. HP: 8/26 MP: 1/1
   439 | D:1      | Reached skill level 5 in Ranged Weapons
   453 | D:1      | Reached XP level 3. HP: 25/31 MP: 2/2
  1300 | D:2      | Reached XP level 4. HP: 38/38 MP: 3/3
  1343 | D:2      | Found a faded altar of an unknown god.
  1353 | D:2      | Reached skill level 6 in Ranged Weapons
  1704 | D:3      | Noticed a centaur
  1711 | D:3      | Killed a centaur
  1712 | D:3      | Reached skill level 7 in Ranged Weapons
  1712 | D:3      | Reached XP level 5. HP: 24/45 MP: 2/4
  2662 | D:4      | Reached XP level 6. HP: 23/51 MP: 3/5
  2904 | D:4      | Noticed Grinder
  2906 | D:4      | Reached skill level 8 in Ranged Weapons
  2934 | D:4      | HP: 2/51 [gnoll/+0 whip (4)]
  2940 | D:4      | HP: 2/51 [gnoll/+0 whip (1)]
  2942 | D:4      | Slain by a gnoll

Illustrated notes

Levels and vault maps discovered:
D:1:      lemuel_arrival_cross, layout_rooms, serial_shops, shop
D:2:      layout_basic, chequers_ecumenical_altar_simple_redux
D:3:      layout_loops_ring, serial_glass, glass_columns_a, glass_columns_a,
          chequers_serial_rivers_large_a
D:4:      layout_rooms, kennysheep_generic_room_9, uniq_grinder,
          uniq_blork_the_orc

Skill      XL: |  1  2  3  4  5  6 |
---------------+-------------------+-----
Fighting       | 3 |  3.0
Ranged Weapons | 5 7 8 |  8.0
Dodging        | |  2.1
Stealth        | |  0.7

Action                   |  1- 3 |  4- 6 || total
-------------------------+-------+-------++-------
 Fire: Shortbow          |    78 |   152 ||   230
Armor: Leather armour    |    10 |    18 ||    28
Dodge: Dodged            |    33 |    60 ||    93
